 Dungeon Crawl Stone Soup version 0.30-a0-1082-g70414cbcbb (webtiles) character file.

Game seed: 11834186550769819652

12993 voltaire321 the Unseen (level 12, -5/75 HPs)
             Began as a Kobold Brigand on Apr 15, 2023.
             Was an Elder of Wu Jian.
             Slain by a harpy simulacrum (7 damage)
             ... in an ice cave.
             The game lasted 00:36:22 (12135 turns).

voltaire321 the Unseen (Kobold Brigand)            Turns: 12135, Time: 00:36:22

Health: -5/75      AC: 14    Str: 13    XL:     12   Next: 27%
Magic:  12/12      EV: 26    Int: 12    God:    Wu Jian [****..]
Gold:   1741       SH:  0    Dex: 21    Spells: 11/11 levels left

rFire   . . .      SeeInvis .    a - +1 short sword (elec)
rCold   + . .      Faith    .    (no shield)
rNeg    . . .      Spirit   .    C - +0 acid dragon scales
rPois   .          Reflect  .    r - +2 hat
rElec   .          Rampage  .    i - scarf {repulsion}
rCorr   +                        q - +1 pair of gloves "Hualucko" {Str+4}
Will    .....                    w - +2 pair of boots {Fly}
Stlth   +++++++                  (no amulet)
HPRegen 0.32/turn                H - ring of protection from cold
MPRegen 0.13/turn                m - +5 ring of evasion

@: about to teleport, marked, flying, studying Dodging, repel missiles
A: small, no large weapons, nightstalker 3
a: Renounce Religion, Wall Jump, Serpent's Lash


You were in an ice cave.
You worshipped Wu Jian.
Wu Jian was greatly pleased with you.
You visited 3 branches of the dungeon, and saw 12 of its levels.
You also visited: Sewer, Bailey and Ice Cave.

You collected 1741 gold pieces.

Inventory:

Hand Weapons
 a - a +1 short sword of electrocution (weapon)
 b - a +1 short sword of venom
 J - a +2 rapier
 N - the +10 falchion of Fetzypem {protect, rF+++ rC+ Int+3 Dex-4}
   (You took it off an orc on level 6 of the Dungeon)

   Int:       It affects your intelligence (+3).
   Dex:       It affects your dexterity (-4).
   rF:        It renders you almost immune to fire.
   rC:        It protects you from cold.
Missiles
 d - 50 poisoned darts
 e - 4 curare-tipped darts (quivered)
 S - 2 silver boomerangs
 V - 14 boomerangs
Armour
 h - a +0 ring mail of fire resistance
 i - a scarf of repulsion (worn)
 q - the +1 pair of gloves "Hualucko" (worn) {Str+4}
   (You found it on level 3 of the Dungeon)

   Str:       It affects your strength (+4).
 r - a +2 hat (worn)
 w - a +2 pair of boots of flying (worn)
 C - +0 acid dragon scales (worn)
 T - +0 steam dragon scales
Jewellery
 k - a ring of resist corrosion
 m - a +5 ring of evasion (right hand)
 D - a +6 ring of dexterity
 G - a +6 ring of dexterity
 H - a ring of protection from cold (left hand)
 I - an amulet of magic regeneration
 L - a ring of wizardry
 Q - a ring of see invisible
 R - a +6 ring of strength
Wands
 j - a wand of paralysis (5)
 O - a wand of flame (19)
 P - a wand of roots (4)
Scrolls
 l - 4 scrolls of magic mapping
 n - a scroll of blinking {unknown}
 o - a scroll of torment {unknown}
 s - 3 scrolls of enchant armour
 u - a scroll of poison
 y - a scroll of summoning {unknown}
 A - 2 scrolls of identify
 F - a scroll of teleportation
 M - a scroll of fear
Potions
 c - a potion of berserk rage
 f - 3 potions of ambrosia
 g - 2 potions of lignification
 p - 4 potions of haste
 t - 3 potions of resistance
 v - 4 potions of brilliance
 x - a potion of invisibility
 z - 2 potions of magic
 B - 6 potions of curing
 K - a potion of flight
 U - 2 potions of might
 W - a potion of cancellation


   Skills:
 + Level 8.8 Fighting
 - Level 10.0 Short Blades
 - Level 6.0 Throwing
 - Level 5.0 Armour
 + Level 10.5 Dodging
 * Level 16.2 Stealth


You had 11 spell levels left.
You didn't know any spells.
Your spell library contained the following spells:

 Spells                   Type           Power      Damage    Failure   Level
 Magic Dart               Conj           0%         1d3       43%         1
 Blink                    Tloc           0%         N/A       56%         2
 Lesser Beckoning         Tloc           0%         N/A       56%         2
 Momentum Strike          Conj/Tloc      0%         3d8       56%         2
 Searing Ray              Conj           0%         2d4       56%         2
 Gell's Gravitas          Tloc           0%         N/A       80%         3
 Teleport Other           Tloc           0%         N/A       80%         3
 Tukima's Dance           Hex            0%         N/A       80%         3
 Fulminant Prism          Conj/Hex       0%         3d5       99%         4
 Passage of Golubria      Tloc           0%         N/A       99%         4
 Yara's Violent Unravell  Hex/Tmut       0%         3d3       100%        5


Dungeon Overview and Level Annotations

Branches:
Dungeon (10/15)            Temple (1/1) D:5            Lair (1/5) D:10
  Sewer (visited)          Bailey (visited)           IceCv (1/1)
    Orc: D:9-12

Altars:
Ashenzari
Cheibriados
Dithmenos
Elyvilon
Fedhas
Gozag
Hepliaklqana
Kikubaaqudgha
Makhleb
Nemelex Xobeh
Okawaru
Qazlal
Ru
Sif Muna
Trog
Uskayaw
Vehumet
Wu Jian
Xom
Yredelemnul
Zin
The Shining One

Shops:
D:1 *   D:3 :[[   D:7 (

Annotations:
Lair:1 Gastronok, Nergalle IceCv exclusion: ice statue


Innate Abilities, Weirdness & Mutations

You are small and have problems with some larger weapons.
You are completely attuned to the shadows.


Message History

An anaconda simulacrum comes into view.
A harpy simulacrum comes into view.
A wolf simulacrum comes into view.
An ice devil comes into view. x2
As you read the scroll of teleportation, it crumbles to dust.
You feel strangely unstable.
The harpy simulacrum completely misses you.
The harpy simulacrum barely misses you.
The harpy simulacrum claws you but does no damage.
The harpy simulacrum misses you. The harpy simulacrum barely misses you.
The harpy simulacrum claws you.
* * * LOW HITPOINT WARNING * * *
The harpy simulacrum freezes you! You resist.
* * * LOW HITPOINT WARNING * * *
An ice devil comes into view.
The harpy simulacrum attacks as you move away!
The harpy simulacrum misses you.
The harpy simulacrum closely misses you.
The harpy simulacrum completely misses you.
The harpy simulacrum claws you but does no damage.
The harpy simulacrum claws you.
* * * LOW HITPOINT WARNING * * *
The harpy simulacrum freezes you. You resist.
* * * LOW HITPOINT WARNING * * *
The harpy simulacrum misses you.
You spin and attack the harpy simulacrum repeatedly.
You barely miss the harpy simulacrum. You hit the harpy simulacrum.
The harpy simulacrum is lightly damaged.
You spin and attack the harpy simulacrum repeatedly.
You hit the harpy simulacrum.
The harpy simulacrum is lightly damaged.
You hit the harpy simulacrum.
The harpy simulacrum is moderately damaged.
The harpy simulacrum closely misses you.
The harpy simulacrum completely misses you.
The harpy simulacrum misses you.
The harpy simulacrum completely misses you.
The harpy simulacrum barely misses you. x2
The harpy simulacrum completely misses you.
The harpy simulacrum closely misses you.
The harpy simulacrum claws you!
You die...

## ###.
##...
##...#
##...##
#########
###...###
##.8ZZ@8.#
##....## #
#...ZZZ...#
#....## #
...Z._Z...#
#..### #
....444Z4.#
#...##
......4....
##...###
#........
###...###
###...# ###
##... ##.##
###.


You could see 5 ice devils, an anaconda simulacrum, 2 wolf simulacra, a death
yak simulacrum, a cane toad simulacrum and 3 harpy simulacra.

Vanquished Creatures
  An orc warlord (Bailey)
  A deep elf pyromancer (D:9)
  An orc knight (Bailey)
  A cane toad (Lair:1)
  Maggie (D:8)
  A komodo dragon (Lair:1)
  2 ice devils (IceCv)
  2 anaconda simulacra (IceCv)
  A hornet (D:10)
  Sigmund (D:5)
  2 wyverns
  A wraith (D:9)
  17 yaks
  Eustachio (D:4)
  A death yak simulacrum (IceCv)
  A steam dragon (D:7)
  3 vampire mosquitoes (D:10)
  Grum (D:8)
  2 harpy simulacra (IceCv)
  An acid dragon (D:8)
  A hydra simulacrum (IceCv)
  2 water moccasins
  8 orc warriors
  A sky beast (D:7)
  2 ogres (D:6)
  2 wolves (D:8)
  2 centaurs
  6 kobold brigands
  2 bullfrogs (D:8)
  A two-headed ogre simulacrum (IceCv)
  4 scorpions
  3 cane toad simulacra (IceCv)
  3 wights (D:7)
  10 killer bees
  3 elephant simulacra
  4 howler monkeys
  An electric eel (D:8)
  6 hounds
  12 orc priests
  5 iguanas
  11 orc wizards
  A sleepcap (D:8)
  A spriggan simulacrum (IceCv)
  4 polar bear simulacra
  2 troll simulacra (IceCv)
  2 wolf simulacra (IceCv)
  7 gnolls
  9 adders
  A shadow imp (D:6)
  5 white imps
  4 ufetubi
  3 worms
  9 dart slugs
  44 orcs
  7 endoplasms
  5 giant cockroaches
  6 goblins
  9 hobgoblins
  29 kobolds
  9 quokkas
  12 ball pythons
  7 bats
  6 frilled lizards
  5 rats
318 creatures vanquished.

Vanquished Creatures (others)
  A fungus (Lair:1)
  4 plants
5 creatures vanquished.

Grand Total: 323 creatures vanquished

Notes
Turn   | Place    | Note
-------+----------+-------------------------------------------
     0 | D:1      | voltaire321 the Kobold Brigand began the quest for the Orb.
     0 | D:1      | Reached XP level 1. HP: 12/12 MP: 1/1
   237 | D:1      | Reached XP level 2. HP: 17/17 MP: 2/2
   507 | D:1      | Found Yphousor's General Store.
   803 | D:2      | Reached XP level 3. HP: 22/22 MP: 3/3
   989 | D:2      | Found a snail-covered altar of Cheibriados.
  1270 | D:2      | Found a faded altar of an unknown god.
  1273 | D:2      | Reached skill level 1 in Armour
  1374 | D:2      | Reached XP level 4. HP: 27/27 MP: 4/4
  1380 | D:2      | Reached skill level 6 in Stealth
  1561 | D:3      | Found Jyix's Antique Armour Boutique.
  1573 | D:3      | Found a glowing drain.
  1611 | Sewer    | Entered a sewer
  1702 | Sewer    | Noticed a kobold brigand
  1709 | Sewer    | Killed a kobold brigand
  1710 | Sewer    | Reached XP level 5. HP: 31/32 MP: 5/5
  1867 | Sewer    | Noticed a kobold brigand
  1896 | Sewer    | Killed a kobold brigand
  1897 | Sewer    | Reached skill level 7 in Stealth
  1897 | Sewer    | Reached XP level 6. HP: 5/37 MP: 6/6
  2204 | Sewer    | Reached XP level 7. HP: 41/41 MP: 7/7
  2239 | D:3      | Identified the +1 robe of the Quahog {Str+3}
  2259 | D:3      | Found Pizacs's Antique Armour Shoppe.
  2287 | D:3      | Found Onkivuis's Book Shoppe.
  2484 | D:3      | Identified the +1 pair of gloves "Hualucko" {Str+4}
  3439 | D:4      | Noticed Eustachio
  3446 | D:4      | Killed Eustachio
  3447 | D:4      | Reached skill level 8 in Stealth
  3809 | D:4      | Reached XP level 8. HP: 45/48 MP: 8/8
  4245 | D:5      | Entered Level 5 of the Dungeon
  4367 | D:5      | Reached skill level 5 in Short Blades
  4623 | D:5      | Found a staircase to the Ecumenical Temple.
  4694 | Temple   | Entered the Ecumenical Temple
  4782 | Temple   | Became a worshipper of the Wu Jian Council
  5159 | D:5      | Noticed Sigmund
  5169 | D:5      | Killed Sigmund
  5170 | D:5      | Reached skill level 9 in Stealth
  5417 | D:6      | Reached XP level 9. HP: 52/52 MP: 9/9
  5698 | D:6      | Reached skill level 5 in Fighting
  5698 | D:6      | Reached skill level 5 in Throwing
  5698 | D:6      | Reached skill level 5 in Dodging
  5698 | D:6      | Reached skill level 10 in Stealth
  5922 | D:6      | Identified the +10 falchion of Fetzypem {protect, rF+++ rC+
                  | Int+3 Dex-4}
  6305 | D:7      | Reached * piety under Wu Jian
  6580 | D:7      | Found a snail-covered altar of Cheibriados.
  6829 | D:7      | Reached skill level 11 in Stealth
  6886 | D:7      | Reached XP level 10. HP: 48/60 MP: 10/10
  7114 | D:7      | Found Mucaompi's Antique Weapon Boutique.
  7624 | D:8      | Identified the +0 war axe "Ilibryuk" {drain, *Slow rF+
                  | Int+4}
  7637 | D:8      | Noticed Grum
  7637 | D:8      | Noticed Maggie
  7641 | D:8      | Killed Grum
  7644 | D:8      | Killed Maggie
  7821 | D:8      | Reached skill level 12 in Stealth
  8342 | D:9      | Reached ** piety under Wu Jian
  8482 | D:9      | Noticed a deep elf pyromancer
  8486 | D:9      | Killed a deep elf pyromancer
  8487 | D:9      | Reached skill level 13 in Stealth
  8507 | D:9      | Reached XP level 11. HP: 63/66 MP: 11/11
  8561 | D:9      | Reached skill level 5 in Armour
  8655 | D:9      | Found a flagged portal.
  8660 | Bailey   | Entered a bailey
  8732 | Bailey   | Noticed an orc warlord
  8782 | Bailey   | Acquired 984 gold pieces
  8813 | Bailey   | Reached *** piety under Wu Jian
  8848 | Bailey   | Found a runed translucent gate.
  8849 | Bailey   | Found a runed translucent gate.
  8850 | Bailey   | Found a runed translucent gate.
  8879 | Bailey   | Noticed an orc knight
  8911 | Bailey   | Killed an orc knight
  9298 | Bailey   | Killed an orc warlord
  9299 | Bailey   | Reached skill level 14 in Stealth
  9632 | D:10     | Entered Level 10 of the Dungeon
 10257 | D:9      | Acquired a manual of Dodging
 10621 | D:10     | Found a staircase to the Lair.
 10664 | D:10     | Reached skill level 15 in Stealth
 11233 | Lair:1   | Entered Level 1 of the Lair of Beasts
 11261 | Lair:1   | Noticed Gastronok
 11289 | Lair:1   | Noticed Nergalle
 11323 | Lair:1   | Reached XP level 12. HP: 33/75 MP: 12/12
 11328 | Lair:1   | Reached skill level 10 in Short Blades
 11345 | Lair:1   | Found a frozen archway.
 11373 | IceCv    | Entered an ice cave
 11581 | IceCv    | Reached **** piety under Wu Jian
 11731 | IceCv    | Reached skill level 10 in Dodging
 11818 | IceCv    | Reached skill level 16 in Stealth
 12132 | IceCv    | Found an ancient bone altar of Kikubaaqudgha.
 12134 | IceCv    | HP: 2/75 [harpy simulacrum (4)]
 12135 | IceCv    | Slain by a harpy simulacrum

Illustrated notes

Levels and vault maps discovered:
D:1:      ebering_trefoil_twist, layout_loops_ring, serial_shops, shop,
          corexii_leaking_fountain
D:2:      layout_rooms, hellmonk_ecumenical_altar_run_dry, basic_altar,
          minmay_randomly_rotated_circles
D:3:      kennysheep_slugbush, layout_basic, portal_sewer_entry_f, serial_shops,
          shop, nicolae_shop_dealshenge, nicolae_shop_tiny_real_fake_doors
D:4:      layout_loops_corners, uniq_eustachio
D:5:      layout_gridville, minmay_temple_entry_slanted,
          minmay_misc_feat_plants, uniq_sigmund
D:6:      layout_gridville, st_stairs_11
D:7:      layout_rooms, mainiacjoe_overflow_24_doors, serial_shops, shop
D:8:      layout_gridville, kennysheep_potato, uniq_grum, uniq_maggie
D:9:      layout_basic, enter_bailey_3
D:10:     layout_irregular_city, lair_entry_dummy, grunt_decor_junction,
          hangedman_decor_opposing
Temple:   compressed_dpeg_circular_temple
Lair:1:   layout_long_grid, portal_ice_cave_entry_ice_simulacra,
          beast_lair_carwin_3, infiniplex_staircase_pool_2, uniq_gastronok,
          uniq_joseph, uniq_nergalle
IceCv:    ice_cave_small_necro

Skill      XL: |  1  2  3  4  5  6  7  8  9 10 11 12 |
---------------+-------------------------------------+-----
Short Blades   | 3 4 5 6 8 9 10 | 10.0
Armour         | 1 2 3 4 5 |  5.0
Stealth        | 6 7 8 9 11 13 15 16 | 16.2
Dodging        | 2 3 4 5 7 9 10 | 10.5
Throwing       | 3 4 5 6 |  6.0
Fighting       | 3 4 5 6 8 |  8.8

Action                     |  1- 3 |  4- 6 |  7- 9 | 10-12 || total
---------------------------+-------+-------+-------+-------++-------
  Melee: Dagger            |    36 |       |       |       ||    36
         Short sword       |    33 |   152 |   357 |   618 ||  1160
         Punch             |       |     1 |     3 |     5 ||     9
         Falchion          |       |       |       |    73 ||    73
  Throw: Dart              |       |       |    11 |     5 ||    16
Ability: Lunge             |       |       |    18 |    42 ||    60
         Whirlwind         |       |       |    12 |   148 ||   160
  Evoke: Wand              |       |     1 |       |     6 ||     7
    Use: Scroll            |       |       |       |    31 ||    31
         Potion            |       |       |       |     5 ||     5
   Stab: Sleeping          |    19 |    16 |    34 |    40 ||   109
         Distracted        |       |       |     3 |     6 ||     9
         Paralysed         |       |       |       |     1 ||     1
 Armour: Robe              |    10 |    15 |    45 |    20 ||    90
         Acid dragon scale |       |       |       |    91 ||    91
         Steam dragon scal |       |       |       |     3 ||     3
  Dodge: Dodged            |    30 |    95 |   268 |   478 ||   871
         Repelled          |       |     2 |     3 |     4 ||     9

Table legend: (Time is in decaauts)
 A = Elapsed time spent in this place.
 B = Non-inter-level travel time spent in this place.
 C = Inter-level travel time spent in this place.
 D = Time resting spent in this place.
 E = Time spent auto-exploring this place.
 F = Levels seen in this place.
 G = Mean time per level.
                   A        B        C        D        E       F      G
               +--------+--------+--------+--------+--------+-----+--------+
         Total |  11858 |  11610 |    248 |   2061 |   6557 |  15 |  790.5 |
       Dungeon |   9464 |   9216 |    248 |    984 |   6149 |  10 |  946.4 |
        Temple |    103 |    103 |      0 |      0 |     50 |   1 |  103.0 |
          Lair |    128 |    128 |      0 |     13 |      0 |   1 |  128.0 |
         Sewer |    595 |    595 |      0 |    256 |    173 |   1 |  595.0 |
        Bailey |    816 |    816 |      0 |    298 |    116 |   1 |  816.0 |
      Ice Cave |    749 |    749 |      0 |    510 |     68 |   1 |  749.0 |
               +--------+--------+--------+--------+--------+-----+--------+

Top non-repeatable levels by time:
    D:10: 1153 daAuts
     D:4: 1095 daAuts
     D:6: 1080 daAuts
     D:8: 1073 daAuts
     D:3: 1058 daAuts
     D:5: 967 daAuts
     D:9: 878 daAuts
  Bailey: 816 daAuts
     D:1: 787 daAuts
   IceCv: 749 daAuts
     D:7: 725 daAuts
     D:2: 644 daAuts
   Sewer: 595 daAuts
  Lair:1: 128 daAuts
  Temple: 103 daAuts
